 Dungeon Crawl Stone Soup version 0.19-a0-958-gd69d43c (webtiles) character file.

87014 AlphabetPasta the Devastator (level 15, -2/76 HPs)
             Began as a Gargoyle Conjurer on July 8, 2016.
             Was a High Priest of Vehumet.
             Killed from afar by a fire giant (62 damage)
             ... with a bolt of fire
             ... on level 14 of the Dungeon on July 10, 2016.
             The game lasted 03:48:28 (30133 turns).

AlphabetPasta the Devastator (Gargoyle Conjurer)   Turns: 30133, Time: 03:48:29

Health: -2/76      AC: 20    Str: 12    XL:     15   Next: 89%
Magic:  2/48       EV: 21    Int: 28    God:    Vehumet [*****.]
Gold:   1639       SH:  0    Dex: 10    Spells: 10 memorised, 11 levels left

rFire  . . .     SeeInvis .     W - staff of power
rCold  . . .     Gourm    .     I - +2 robe {MR+}
rNeg   + . .     Faith    .     (no shield)
rPois  ∞         Spirit   .     O - +0 hat {Int+3}
rElec  +         Dismiss  .     M - +2 cloak
rCorr  .         Reflect  .     x - +0 pair of gloves
SustAt .         Harm     .     T - +0 pair of boots
MR     ++...                    (no amulet)
Stlth  ++........               B - +3 ring of intelligence
                                m - +6 ring of evasion

@: flying, very resistant to hostile enchantments, unstealthy
A: big wings, negative energy resistance 1, electricity resistance, unbreathing,
petrification resistance, rot immunity, AC +11
a: Stop Flying, Renounce Religion


You were on level 14 of the Dungeon.
You worshipped Vehumet.
Vehumet was extremely pleased with you.
You were not hungry.

You visited 4 branches of the dungeon, and saw 23 of its levels.
You also visited: Labyrinth, Sewer and Volcano.

You collected 2062 gold pieces.
You spent 423 gold pieces at shops.

Inventory:

Hand Weapons
 Q - the +7 lajatang of Order {silver, rMut}
   (You found it in a labyrinth)

   It protects you from mutation.
Armour
 u - a +2 robe of resistance
 x - a +0 pair of gloves (worn)
 I - a +2 robe of magic resistance (worn)
 M - a +2 cloak (worn)
 O - a +0 hat of intelligence (worn)
 T - a +0 pair of boots (worn)
Magical Staves
 E - an uncursed staff of fire
 N - an uncursed staff of earth
 W - an uncursed staff of power (weapon)
Jewellery
 j - an uncursed ring of positive energy
 m - a +6 ring of evasion (left hand)
 B - a +3 ring of intelligence (right hand)
Wands
 k - a wand of acid (6/15)
 p - a wand of heal wounds (5/9)
 r - a wand of iceblast (12/15)
 y - a wand of teleportation (3/9)
 C - a wand of slowing (23/48)
Scrolls
 g - a scroll of blinking
 h - 7 scrolls of teleportation
 l - 2 scrolls of identify
 n - 4 scrolls of amnesia
 s - 5 scrolls of remove curse
 v - 3 scrolls of fog
 A - 4 scrolls of magic mapping
 D - 3 scrolls of recharging
 G - 3 scrolls of fear
 K - 2 scrolls of enchant armour
Potions
 b - 4 potions of brilliance
 d - 5 potions of might
 e - a potion of cure mutation
 i - 14 potions of curing
 t - 3 potions of ambrosia
 F - a potion of invisibility
 P - 3 potions of haste
 S - a potion of magic
 Y - a potion of agility
Books
 o - a book of Fire

   Spells                             Type                      Level
   a - Ignite Poison                  Fire/Transmutation/Poison    3
   b - Fireball                       Conjuration/Fire             5
   c - Bolt of Fire                   Conjuration/Fire             6
   d - Delayed Fireball               Conjuration/Fire             7
   e - Ring of Flames                 Charms/Fire                  7
 q - a book of Clouds

   Spells                             Type                      Level
   a - Mephitic Cloud                 Conjuration/Poison/Air       3
   b - Conjure Flame                  Conjuration/Fire             3
   c - Poisonous Cloud                Conjuration/Poison/Air       6
   d - Freezing Cloud                 Conjuration/Ice/Air          6
   e - Ring of Flames                 Charms/Fire                  7
 R - a book of Geomancy

   Spells                             Type                      Level
   a - Sandblast                      Earth                        1
   b - Passwall                       Transmutation/Earth          2
   c - Stone Arrow                    Conjuration/Earth            3
   d - Petrify                        Transmutation/Earth          4
   e - Lee's Rapid Deconstruction     Earth                        5
Miscellaneous
 J - a lamp of fire
Comestibles
 a - 8 chunks of flesh
 c - 19 bread rations
 f - 6 royal jellies
 z - 9 meat rations
 X - 4 fruits


   Skills:
 - Level 2.1 Fighting
   Level 2.8(3.3) Polearms
 - Level 2.6(3.4) Staves
 - Level 4.0 Armour
 + Level 6.9 Dodging
 - Level 2.1 Stealth
 + Level 14.0 Spellcasting
 * Level 19.0 Conjurations
 + Level 10.7 Earth Magic
 - Level 4.2 Evocations


You had 11 spell levels left.
You knew the following spells:

 Your Spells              Type           Power        Failure   Level  Hunger
a - Magic Dart            Conj           ####         0%          1    None
b - Searing Ray           Conj           ######       0%          2    None
c - Dazzling Spray        Conj/Hex       ######       1%          3    None
d - Iskenderun's Mystic   Conj           #######.     0%          4    None
e - Freeze                Ice            ###.         1%          1    None
f - Fireball              Conj/Fire      ######....   1%          5    #......
g - Stone Arrow           Conj/Erth      ######       1%          3    None
h - Irradiate             Conj/Tmut      ######....   1%          5    #......
i - Passwall              Tmut/Erth      #####.....   1%          2    None
j - Bolt of Magma         Conj/Fire/Erth ######....   1%          5    #......


Dungeon Overview and Level Annotations

Branches:
Dungeon (14/15)            Temple (1/1) D:4            Lair (6/6) D:9
  Swamp (0/4) Lair:4       Spider (0/4) Lair:4        Slime (0/5) Lair:5
    Orc (2/2) D:10            Elf (0/3) Orc:2        Vaults (0/5) D:13

Altars:
Ashenzari
Cheibriados
Dithmenos
Elyvilon
Fedhas
Gozag
Hepliaklqana
Kikubaaqudgha
Makhleb
Nemelex Xobeh
Okawaru
Pakellas
Qazlal
Ru
Sif Muna
Trog
Uskayaw
Vehumet
Xom
Yredelemnul
Zin
The Shining One
Beogh
Lugonu

Shops:
D:5 *   D:6 :   D:8 %   D:9 [   D:10 *   Orc:2 !(!}


Innate Abilities, Weirdness & Mutations

You are resistant to torment.
Your stone body is resilient. (AC +11)
You are immune to poison.
Your large and strong wings let you fly indefinitely.
You resist negative energy. (rN+)
You are resistant to electric shocks. (rElec)
You can survive without breathing.
You are immune to petrification.
You are immune to rotting.


Message History

You destroy the vampire mosquito!
Vehumet accepts your kill.
The bolt of magma hits the phantasmal warrior.
The phantasmal warrior is heavily damaged.
Casting: Bolt of Magma
Confirm with . or Enter, or press ? or * to list all spells.
Aiming: Iskenderun's Mystic Blast
Press: ? - help, Shift-Dir - straight line, f - phantasmal warrior
Aim: a phantasmal warrior (heavily damaged)
The orb of energy hits the phantasmal warrior.
You destroy the phantasmal warrior!
Vehumet accepts your kill.
Vehumet offers you knowledge of Poison Arrow.
The orb of energy explodes!
You start resting.
A fire giant comes into view.
It is wielding a great sword of flaming.
The fire giant gestures at you while chanting.
The bolt of fire hits you!
Ouch! That really hurt!
You die...

....# # ....# .# #...# (##
#))# ...# #)##.....
##÷.'..... ?. #.C.#.....
... ##.#.# ...## #.#
###(@#..#####..#..##
#####....##........##...#
..#.........##........##...
....)......♣.###♣...(♣.###.
.#........................
#####...................#
#...###.....#####.....###
#.....##...##...##...##..
#..##..#...#.....#...#.).


You could see a fire giant.

Vanquished Creatures
  Rupert (Lair:6)
  Gastronok (D:10)
  An ogre mage (Orc:2)
  Harold (Lair:4)
  Erolcha (Orc:2)
  A minotaur (Lab)
  Erica (D:9)
  8 hydras
  3 centaur warriors
  A tengu warrior (D:14)
  6 death yaks (Lair:2)
  Nergalle (Orc:2)
  An unseen horror (D:14)
  A deep elf archer (D:14)
  A necromancer (Lair:5)
  2 phantasmal warriors (D:14)
  Pikel (D:3)
  6 hill giants
  10 orc sorcerers
  2 cyclopes
  An orc knight (D:13)
  7 ugly things
  2 deep elf magi
  3 oklob plants
  3 elephants (Lair:4)
  Joseph (D:10)
  A centaur zombie (D:14)
  A toenail golem (Volcano)
  Psyche (D:9)
  4 black mambas
  A molten gargoyle (Volcano)
  4 gargoyles
  A torpor snail (Lair:5)
  A centaur skeleton (D:13)
  10 spiny frogs
  A freezing wraith (D:14)
  2 rime drakes
  8 komodo dragons
  6 trolls
  A jumping spider (Lair:4)
  3 polar bears (Lair:6)
  Grinder (Sewer)
  A two-headed ogre (D:14)
  A blink frog (shapeshifter) (D:13)
  A boulder beetle (D:14)
  10 slime creatures
  12 blink frogs
  Prince Ribbit (D:9)
  2 shadows
  Sigmund (D:6)
  A wraith (D:11)
  2 redbacks
  12 spriggans (Lair:6)
  A fire elemental (Volcano)
  2 wyverns
  A hippogriff (shapeshifter) (D:12)
  6 hungry ghosts
  2 basilisks
  16 humans
  40 yaks
  6 hippogriffs
  A steam dragon (Lair:6)
  A basilisk (shapeshifter) (D:13)
  3 vampire mosquitoes (D:14)
  2 wargs (Orc:2)
  6 swamp worms (Lair:4)
  18 water moccasins
  9 porcupines
  Duvessa (D:5)
  2 hell hounds (Orc:2)
  2 sky beasts
  6 black bears
  An ice beast (D:9)
  2 necrophages
  3 slaves (D:3)
  12 orc warriors
  A black bear (shapeshifter) (D:13)
  3 wasps
  3 boggarts (Lair:6)
  8 ogres
  6 centaurs
  30 wolves
  5 big kobolds
  22 crocodiles
  17 giant frogs
  An earth elemental (Lab)
  A gnoll sergeant (D:9)
  Dowan (D:5)
  2 wyvern skeletons
  3 scorpions
  A water moccasin zombie (D:9)
  27 killer bees
  9 wights
  2 electric eels (Lair:4)
  A howler monkey (D:13)
  7 crimson imps
  2 giant frog zombies
  4 quasits
  6 jellies
  Crazy Yiuf (D:6)
  A gnoll shaman (D:3)
  18 orc priests
  2 giant frog skeletons
  4 hounds
  16 iguanas
  32 orc wizards
  Jessica (D:3)
  8 worker ants
  4 yak simulacra (Lair:5)
  A statue (D:8)
  3 wolf simulacra (Lair:5)
  32 sheep
  3 killer bee zombies
  A polar bear simulacrum (Lair:5)
  A worker ant zombie (D:6)
  14 gnolls
  16 adders
  14 river rats
  6 shadow imps
  4 ufetubi (Sewer)
  9 oozes
  An adder zombie (D:9)
  An adder skeleton (D:6)
  5 worms
  2 dart slugs
  A giant gecko (D:3)
  82 orcs
  13 bats
  6 giant cockroaches
  12 goblins
  5 hobgoblins
  4 jackals
  8 quokkas
  4 ball pythons
  3 giant newts
  36 kobolds
  12 rats
  3 river rat simulacra (Lair:5)
  2 bushes
  2 fire vortices (Volcano)
  A fungus (Lair:6)
  2 plants
858 creatures vanquished.

Vanquished Creatures (others)
  An ooze (Sewer)
  A bat zombie (Sewer)
  A kobold zombie (Sewer)
  4 fungi
  2 plants
9 creatures vanquished.

Grand Total: 867 creatures vanquished

Notes
Turn   | Place    | Note
-------+----------+-------------------------------------------
     0 | D:1      | AlphabetPasta the Gargoyle Conjurer began the quest for the Orb.
     0 | D:1      | Reached XP level 1. HP: 10/10 MP: 3/3
   303 | D:1      | Reached XP level 2. HP: 15/15 MP: 1/5
   307 | D:1      | Learned a level 2 spell: Searing Ray
  1018 | D:2      | Reached XP level 3. HP: 12/19 MP: 0/7
  1365 | D:2      | Found a faded altar of an unknown god.
  1471 | D:2      | Learned a level 3 spell: Dazzling Spray
  1693 | D:2      | Found a hazy altar of Hepliaklqana.
  1694 | D:2      | Found a shimmering altar of Xom.
  1694 | D:2      | Noticed an earth elemental
  1695 | D:2      | Noticed a spectral ugly thing
  1695 | D:2      | Noticed an earth elemental
  2075 | D:3      | Found a blossoming altar of Fedhas.
  2076 | D:3      | Reached XP level 4. HP: 24/24 MP: 6/8
  2284 | D:3      | Noticed Jessica
  2290 | D:3      | Killed Jessica
  2290 | D:3      | Reached skill level 1 in Fighting
  2290 | D:3      | Reached skill level 5 in Conjurations
  2591 | D:3      | Reached XP level 5. HP: 29/29 MP: 6/10
  2621 | D:3      | Found a basalt altar of Yredelemnul.
  2627 | D:3      | Learned a level 4 spell: Iskenderun's Mystic Blast
  2720 | D:3      | Noticed a necrophage
  2728 | D:3      | Killed a necrophage
  2956 | D:4      | Found an iron altar of Okawaru.
  2978 | D:3      | Reached XP level 6. HP: 29/35 MP: 3/11
  3046 | D:4      | Noticed a slave
  3046 | D:4      | Noticed a slave
  3048 | D:4      | Noticed a slave
  3050 | D:4      | Noticed Pikel
  3058 | D:3      | Killed a slave
  3243 | D:3      | Killed a slave
  3325 | D:3      | Killed a slave
  3338 | D:3      | Killed Pikel
  3338 | D:3      | Reached skill level 5 in Spellcasting
  3338 | D:3      | Reached skill level 7 in Conjurations
  3338 | D:3      | Reached XP level 7. HP: 40/40 MP: 0/14
  3562 | D:4      | Got an ichor-stained trident
  3591 | D:4      | Found a glowing drain.
  3604 | Sewer    | Entered a sewer
  4011 | Sewer    | Reached XP level 8. HP: 40/44 MP: 5/16
  4301 | Sewer    | Found a burning altar of Makhleb.
  4385 | Sewer    | Noticed Grinder
  4423 | Sewer    | Killed Grinder
  4537 | Sewer    | Reached skill level 8 in Conjurations
  4741 | D:4      | Found a staircase to the Ecumenical Temple.
  4749 | Temple   | Entered the Ecumenical Temple
  4835 | D:4      | Paralysed by an orc for 2 turns
  5079 | D:4      | Found a bloodstained altar of Trog.
  5197 | D:4      | Identified the +4 trident of Forgiveness {antimagic, Str+3 Dex+4} (You found it on level 4 of the Dungeon)
  5298 | D:5      | Entered Level 5 of the Dungeon
  5303 | D:5      | Noticed Dowan
  5321 | D:5      | Killed Dowan
  5328 | D:5      | Noticed Duvessa
  5725 | D:5      | Learned a level 3 spell: Dazzling Spray
  5774 | D:5      | Found a stormy altar of Qazlal.
  5970 | D:5      | Found Fumnav's General Store.
  5974 | D:5      | Bought a scroll of identify for 28 gold pieces
  6193 | D:5      | Killed Duvessa
  6193 | D:5      | Reached XP level 9. HP: 44/48 MP: 3/19
  6405 | D:6      | Found a runed door.
  6409 | D:6      | Noticed Crazy Yiuf
  6412 | D:6      | Killed Crazy Yiuf
  6412 | D:6      | Reached skill level 9 in Conjurations
  6447 | D:6      | Found a sacrificial altar of Ru.
  6781 | D:6      | Found a shadowy altar of Dithmenos.
  6783 | D:6      | Found a burning altar of Makhleb.
  6797 | D:6      | Found Xahac's Book Boutique.
  6797 | D:6      | Noticed Sigmund
  6803 | D:6      | Killed Sigmund
  6803 | D:6      | Reached skill level 1 in Staves
  6842 | D:6      | Found an oddly glowing altar of Pakellas.
  7218 | D:7      | Reached skill level 10 in Conjurations
  7336 | D:7      | Found a hide-covered altar of Uskayaw.
  7689 | D:7      | Reached XP level 10. HP: 53/53 MP: 3/22
  7923 | D:7      | Found a white marble altar of Elyvilon.
  8151 | D:8      | Found a radiant altar of Vehumet.
  8160 | D:8      | Became a worshipper of Vehumet
  8785 | D:8      | Reached * piety under Vehumet
  8785 | D:8      | Offered knowledge of Freeze by Vehumet.
  8807 | D:8      | Reached skill level 11 in Conjurations
  9021 | D:8      | Found Yhetuf's Food Shoppe.
  9088 | D:8      | Learned a level 1 spell: Freeze
  9543 | D:9      | Noticed Prince Ribbit
  9558 | D:9      | Killed Prince Ribbit
  9626 | D:9      | Found a glowing golden altar of the Shining One.
  9657 | D:9      | Reached skill level 1 in Armour
  9662 | D:9      | Found a staircase to the Lair.
  9677 | D:9      | Noticed Psyche
  9762 | D:9      | Killed Psyche
  9954 | D:9      | Noticed Erica
  9965 | D:9      | Killed Erica
  9965 | D:9      | Reached skill level 12 in Conjurations
  9965 | D:9      | Reached XP level 11. HP: 30/57 MP: 0/24
 10260 | D:9      | Found an opulent altar of Gozag.
 10289 | D:9      | Offered knowledge of Sting by Vehumet.
 10293 | D:9      | Reached skill level 10 in Spellcasting
 10352 | D:9      | Reached ** piety under Vehumet
 10692 | D:9      | Found Ceud's Antique Armour Shop.
 10697 | D:9      | Bought a runed hat for 108 gold pieces
 11115 | D:10     | Entered Level 10 of the Dungeon
 11199 | D:10     | Found a staircase to the Orcish Mines.
 11257 | D:10     | Noticed Joseph
 11262 | D:10     | Killed Joseph
 11262 | D:10     | Reached skill level 1 in Evocations
 11398 | D:10     | Found Ysug's Assorted Antiques.
 11402 | D:10     | Bought a scroll of identify for 54 gold pieces
 11402 | D:10     | Bought a metallic grey potion for 24 gold pieces
 11423 | D:10     | Offered knowledge of Throw Flame by Vehumet.
 11797 | D:10     | Noticed a hill giant
 11879 | D:10     | Noticed Gastronok
 11922 | D:10     | Killed Gastronok
 11922 | D:10     | Reached *** piety under Vehumet
 11922 | D:10     | Reached skill level 13 in Conjurations
 11944 | D:10     | Learned a level 5 spell: Fireball
 12154 | D:10     | Killed a hill giant
 12726 | D:11     | Noticed a cyclops
 12728 | D:11     | Killed a cyclops
 12728 | D:11     | Reached XP level 12. HP: 62/62 MP: 9/27
 12782 | D:11     | Offered knowledge of Static Discharge by Vehumet.
 13643 | D:11     | Noticed a centaur warrior
 13646 | D:11     | Killed a centaur warrior
 14418 | D:11     | Upgraded the game from 0.19-a0-944-gb338e1e to 0.19-a0-957-gf4ea323
 14423 | D:12     | Reached skill level 14 in Conjurations
 14577 | D:12     | Reached **** piety under Vehumet
 14885 | D:12     | Learned a level 3 spell: Stone Arrow
 14978 | D:12     | Offered knowledge of Irradiate by Vehumet.
 14988 | D:12     | Learned a level 5 spell: Irradiate
 15004 | D:12     | Reached skill level 1 in Earth Magic
 15624 | Lair:1   | Entered Level 1 of the Lair of Beasts
 15800 | Lair:1   | Found a labyrinth entrance.
 15818 | Lab      | Entered a labyrinth
 15980 | Lab      | Learned a level 2 spell: Passwall
 16196 | Lab      | Found an exit through the horrors of the Abyss.
 16622 | Lab      | Noticed a minotaur
 16625 | Lab      | Killed a minotaur
 16625 | Lab      | Reached skill level 15 in Conjurations
 16625 | Lab      | Reached XP level 13. HP: 66/66 MP: 23/29
 16634 | Lab      | Got a faintly glowing short sword
 17764 | Lair:2   | Reached skill level 5 in Earth Magic
 18148 | Lair:2   | Reached ***** piety under Vehumet
 18151 | Lair:2   | Offered knowledge of Force Lance by Vehumet.
 19390 | Lair:2   | Reached skill level 16 in Conjurations
 20582 | Lair:3   | Gained mutation: Your large and strong wings let you fly indefinitely. [Gargoyle growth]
 20582 | Lair:3   | Reached XP level 14. HP: 64/72 MP: 10/30
 20733 | Lair:3   | Identified a scroll of acquirement
 20888 | Lair:3   | Upgraded the game from 0.19-a0-957-gf4ea323 to 0.19-a0-958-gd69d43c
 20966 | Lair:4   | Found a hole to the Spider Nest.
 21105 | Lair:4   | Noticed Harold
 21115 | Lair:4   | Killed Harold
 21488 | Lair:4   | Found a staircase to the Swamp.
 22051 | Lair:4   | Reached skill level 17 in Conjurations
 23165 | Lair:5   | Offered knowledge of Spellforged Servitor by Vehumet.
 23426 | Lair:5   | Found a staircase to the Slime Pits.
 23881 | Lair:5   | Reached skill level 5 in Dodging
 23992 | Lair:6   | Entered Level 6 of the Lair of Beasts
 24734 | Lair:6   | Noticed Rupert
 24746 | Lair:6   | Killed Rupert
 24749 | Lair:6   | Offered knowledge of Bolt of Magma by Vehumet.
 25189 | Lair:6   | Reached XP level 15. HP: 76/76 MP: 32/32
 25196 | Lair:6   | Learned a level 5 spell: Bolt of Magma
 25799 | Orc:1    | Entered Level 1 of the Orcish Mines
 25815 | Orc:1    | Reached skill level 18 in Conjurations
 26594 | Orc:2    | Entered Level 2 of the Orcish Mines
 26698 | Orc:2    | Found a dark tunnel.
 26760 | Volcano  | Entered a volcano
 27047 | Orc:2    | Found a staircase to the Elven Halls.
 27470 | Orc:2    | Found a roughly hewn altar of Beogh.
 27728 | Orc:2    | Found Muqenaf's Distillery.
 27756 | Orc:2    | Bought a potion of cancellation for 88 gold pieces
 27756 | Orc:2    | Bought a potion of lignification for 33 gold pieces
 27784 | Orc:2    | Found Sexoism's Antique Weapon Emporium.
 27852 | Orc:2    | Found a radiant altar of Vehumet.
 27854 | Orc:2    | Noticed Erolcha
 27855 | Orc:2    | Killed Erolcha
 28038 | Orc:2    | Found Ubuocof's Distillery.
 28066 | Orc:2    | Bought a potion of brilliance for 44 gold pieces
 28066 | Orc:2    | Bought a potion of brilliance for 44 gold pieces
 28067 | Orc:2    | Noticed Nergalle
 28071 | Orc:2    | Killed Nergalle
 28071 | Orc:2    | Reached skill level 10 in Earth Magic
 28072 | Orc:2    | Found an ancient bone altar of Kikubaaqudgha.
 28447 | Orc:2    | Found a roughly hewn altar of Beogh.
 28456 | Orc:2    | Found Vufiom's Gadget Shoppe.
 28632 | D:13     | Found a gate to the Vaults.
 28642 | D:13     | Offered knowledge of Ozocubu's Refrigeration by Vehumet.
 28971 | D:13     | Found a bloodstained altar of Trog.
 30108 | D:14     | Reached skill level 19 in Conjurations
 30128 | D:14     | Offered knowledge of Poison Arrow by Vehumet.
 30133 | D:14     | Killed from afar by a fire giant

Vault maps used:
D:1:      minmay_arrival_open_corners, minivault_23, minmay_tromino_mix6
D:2:      regret_index_temple_of_mockery, ecumenical_altar_1
D:3:      lemuel_coloured_pillars_altar, lemuel_doored_altar, uniq_jessica
D:4:      okawaru_ov_weapons_minmay, overflow_temple_1_default, first_bread,
          portal_sewer_entry_e, kennysheep_crisscross, uniq_pikel
D:5:      grunt_qazlal_sundering, serial_shops, shop, serial_bayou_lagoon_b,
          uniq_duvessa
D:6:      nicolae_ru_sacrificial_ziggurat, old_standard_altar,
          grunt_dithmenos_smoke, kennysheep_little_box, serial_shops, shop,
          uniq_sigmund, uniq_crazy_yiuf_cottage
D:7:      eat_drink_and_be_merry_uskayaw, overflow_temple_1_default
D:8:      vehumet_statue, hangedman_little_slice_of_home,
          nicolae_shop_scaring_up_business
D:9:      grunt_gozag_breadcrumbs, kennysheep_mini, lair_0_dummy,
          minmay_shop_grid_forest, uniq_psyche, uniq_erica, uniq_prince_ribbit1
D:10:     david_orc_3, serial_shops, shop, uniq_joseph, uniq_gastronok
D:13:     david_vaults_3, basic_altar
D:14:     minmay_box_of_curves
Temple:   corrupted_temple
Lair:1:   lab_entry_generic, minmay_lair_oklob_bushes, infiniplex_staircase_pool
Lair:2:   minmay_lair_oklob_items, beast_lair_carwin_10
Lair:3:   grunt_megastairs_1
Lair:4:   nicolae_swamp_entry_splash_gauntlet, spider_nest_entry_a,
          wad_woods_river_01, uniq_harold
Lair:5:   nicolae_slime_entry_slimehenge, eino_house_with_fridge,
          grunt_megastairs_2
Lair:6:   minmay_lair_end_enchanted_forest, infiniplex_staircase_pool_2,
          uniq_rupert
Orc:1:    nicolae_orc_stony_grotto, mines3_lemuel
Orc:2:    kennysheep_orc_mage_school, enter_volcano_3, minmay_orc_temple_b
Lab:      nicolae_lab_garden, nicolae_lab_arrow, labyrinth_fake_exit,
          nicolae_lab_blocks, nicolae_lab_do_over
Sewer:    kennysheep_sewer_church
Volcano:  volcano_caves

Skill      XL: |  1  2  3  4  5  6  7  8  9 10 11 12 13 14 15 |
---------------+----------------------------------------------+-----
Dodging        | 2 3 4 5 6 |  6.9
Spellcasting   | 3 5 6 8 9 11 12 13 14 | 14.0
Fighting       | 1 2 |  2.1
Conjurations   | 5 7 8 10 12 13 15 16 17 19 | 19.0
Polearms       | 2 |  2.8
Staves         | 2 |  2.6
Armour         | 2 4 |  4.0
Evocations     | 3 4 |  4.2
Earth Magic    | 3 7 9 10 | 10.7
Stealth        | |  2.1

Action                   |  1- 3 |  4- 6 |  7- 9 | 10-12 | 13-15 || total
-------------------------+-------+-------+-------+-------+-------++-------
Melee: Spear             |    28 |     2 |     6 |     7 |       ||    43
       Trident           |       |     4 |     3 |       |       ||     7
       Staff             |       |       |       |    28 |     6 ||    34
 Cast: Magic Dart        |    77 |    67 |   170 |   260 |   120 ||   694
       Searing Ray       |     3 |    10 |    52 |   135 |   125 ||   325
       Iskenderun's Myst |       |       |    12 |    64 |    89 ||   165
       Freeze            |       |       |       |     1 |       ||     1
       Fireball          |       |       |       |    44 |   261 ||   305
       Stone Arrow       |       |       |       |     3 |   146 ||   149
       Passwall          |       |       |       |     1 |     1 ||     2
       Irradiate         |       |       |       |       |     6 ||     6
       Bolt of Magma     |       |       |       |       |    16 ||    16
 Abil: Fly               |       |       |       |       |     1 ||     1
Evoke: Wand              |       |     3 |     2 |     6 |     2 ||    13
  Use: Scroll            |       |     5 |    11 |     8 |    13 ||    37
       Potion            |       |     2 |     2 |     7 |     5 ||    16
 Stab: Sleeping          |     1 |       |     2 |     1 |     1 ||     5
  Eat: Chunk             |     4 |     4 |    10 |    19 |    38 ||    75
       Fruit             |       |       |     3 |     8 |     3 ||    14
       Royal jelly       |       |       |     1 |     2 |     3 ||     6
       Pizza             |       |       |       |     2 |     1 ||     3
       Beef jerky        |       |       |       |     1 |     2 ||     3
Armor: Robe              |    12 |    17 |    19 |    72 |   104 ||   224
       Leather armour    |       |       |       |       |     1 ||     1
Dodge: Dodged            |    27 |    32 |    62 |   243 |   255 ||   619
